 Dungeon Crawl Stone Soup version 0.30-a0-824-g6c64550be9 (webtiles) character file.

Game seed: 6905228197778416648

358 Darius099 the Cleaver (level 6, -1/52 HPs)
             Began as a Minotaur Fighter on Feb 27, 2023.
             Slain by Ijyb
             ... wielding a +0 dagger
              (5 damage)
             ... on level 3 of the Dungeon.
             The game lasted 00:04:59 (1884 turns).

Darius099 the Cleaver (Minotaur Fighter)            Turns: 1884, Time: 00:05:00

Health: -1/52      AC: 10    Str: 22    XL:     6   Next: 37%
Magic:  5/5        EV:  9    Int:  5    God:
Gold:   169        SH: 11    Dex: 10    Spells: 5/5 levels left

rFire   . . .      SeeInvis .    z - +0 broad axe
rCold   . . .      Faith    .    s - +2 buckler {AC+3}
rNeg    . . .      Spirit   .    b - +0 scale mail
rPois   .          Reflect  +    (helmet restricted)
rElec   .          Harm     .    (no cloak)
rCorr   .          Rampage  .    (no gloves)
Will    .....                    (no boots) Stlth
                                 u - amulet of reflection
HPRegen 0.28/turn                (no ring)
MPRegen 0.09/turn                (no ring)

@: no status effects
A: horns 2, retaliatory headbutt
a: no special abilities


You were on level 3 of the Dungeon.
You visited 1 branch of the dungeon, and saw 3 of its levels.

You collected 169 gold pieces.

Inventory:

Hand Weapons
 z - a +0 broad axe (weapon)
Missiles
 c - 11 poisoned darts
 f - 8 boomerangs (quivered)
 l - 20 stones
Armour
 b - a +0 scale mail (worn)
 s - a +2 buckler of protection (worn)
Jewellery
 u - an amulet of reflection (around neck)
 w - a ring of see invisible
Wands
 a - a wand of quicksilver (8)
 x - a wand of roots (9)
Scrolls
 e - 4 scrolls of identify {unknown}
 g - 2 scrolls of fear {unknown}
 j - a scroll of teleportation {unknown}
 k - a scroll of noise {unknown}
 o - 2 scrolls of blinking {unknown}
 p - a scroll of magic mapping {unknown}
 q - 3 scrolls of immolation {unknown}
 v - a scroll of amnesia {unknown}
 y - a scroll of torment {unknown}
Potions
 d - 2 potions of might
 h - a potion of heal wounds {unknown}
 i - 2 potions of mutation {unknown}
 m - a potion of berserk rage {unknown}
 n - 3 potions of lignification {unknown}
 r - a potion of brilliance {unknown}
 t - a potion of ambrosia {unknown}
 A - a potion of curing {unknown}


   Skills:
 - Level 3.7 Fighting
 + Level 8.1 Axes
 - Level 3.7 Armour
 - Level 3.7 Shields


You had 5 spell levels left.
You didn't know any spells.
Your spell library contained the following spells:

 Spells                   Type           Power      Damage    Failure   Level
 Sublimation of Blood     Necr           0%         N/A       95%         2
 Inner Flame              Hex/Fire       0%         N/A       99%         3
 Cause Fear               Hex            0%         N/A       100%        4
 Petrify                  Tmut/Erth      0%         N/A       100%        4
 Irradiate                Conj/Tmut      0%         3d11      100%        5
 Discord                  Hex            0%         N/A       100%        8


Dungeon Overview and Level Annotations

Branches:
Dungeon (3/15)

Altars:
Gozag
Nemelex Xobeh
Uskayaw

Annotations:
D:3 Ijyb


Innate Abilities, Weirdness & Mutations

You have a pair of horns on your head.
You reflexively headbutt those who attack you in melee.


Message History

No target in view!
No target in view!
l - 20 stones (gained 3)
c - 11 poisoned darts (gained 6)
Things that are here:
a +0 short sword; a kobold corpse
Found an opulent altar of Gozag.
A - a pink potion You now have 169 gold pieces (gained 14).
Found a sparkling altar of Nemelex Xobeh.
Found a stone staircase leading down.
Found a stone staircase leading down.
Ijyb the Twisted Goblin comes into view.
She is wielding a +0 dagger and carrying a wand of mindburst (9).
Ijyb shouts!
Ijyb zaps a wand.
Your mind is blasted!
Ijyb zaps a wand.
Your mind is blasted!
You block Ijyb's attack.
You hit Ijyb but do no damage.
Ijyb screams, "Level is mine!
All mine!"
Ijyb hits you with a +0 dagger.
You barely miss Ijyb. Ijyb hits you with a +0 dagger.
You slash Ijyb!
Ijyb is heavily wounded.
Ijyb hits you but does no damage. x2
You closely miss Ijyb. Your headbutt misses Ijyb.
Ijyb is heavily wounded.
Ijyb zaps a wand.
Your mind is blasted!
You completely miss Ijyb.
Ijyb is heavily wounded.
Ijyb zaps a wand.
Your mind is blasted!
* * * LOW HITPOINT WARNING * * *
You hit Ijyb.
Ijyb is heavily wounded.
You block Ijyb's attack.
Okay, then.
You hit Ijyb.
Ijyb is severely wounded.
Ijyb screams, "You nasty!
Big nasty!"
Ijyb closely misses you. Ijyb hits you with a +0 dagger.
You die...

###### #....#
#....# #g...#
.######@#
.....^..#######
.#.............
#......###.####
#......###....#
#.>.....##⌠.⌠.#
...>........_..#
##.##.##...⌠.⌠##
#.##.####...##


You could see Ijyb.

Vanquished Creatures
  Grinder (D:3)
  A phantom (D:3)
  Natasha (D:3)
  An adder (D:3)
  3 worms
  A dart slug (D:3)
  3 ball pythons
  7 endoplasms
  3 giant cockroaches
  8 goblins
  A hobgoblin (D:2)
  2 quokkas (D:2)
  5 bats
  5 frilled lizards
  3 kobolds
  6 rats
51 creatures vanquished.

Vanquished Creatures (others)
  A kobold (D:3)
1 creature vanquished.

Grand Total: 52 creatures vanquished

Notes
Turn   | Place    | Note
-------+----------+-------------------------------------------
     0 | D:1      | Darius099 the Minotaur Fighter began the quest for the Orb.
     0 | D:1      | Reached XP level 1. HP: 19/19 MP: 0/0
   157 | D:1      | Reached skill level 3 in Axes
   174 | D:1      | Reached XP level 2. HP: 27/27 MP: 1/1
   751 | D:2      | Reached skill level 4 in Axes
   856 | D:2      | Reached XP level 3. HP: 33/33 MP: 2/2
  1161 | D:2      | Found a hide-covered altar of Uskayaw.
  1448 | D:3      | Noticed Natasha
  1455 | D:3      | Killed Natasha
  1456 | D:3      | Reached skill level 5 in Axes
  1492 | D:3      | Reached XP level 4. HP: 40/40 MP: 3/3
  1493 | D:3      | Noticed Grinder
  1494 | D:3      | Paralysed by Grinder for 2 turns
  1504 | D:3      | Paralysed by Grinder for 5 turns
  1511 | D:3      | Killed Grinder
  1512 | D:3      | Reached skill level 7 in Axes
  1512 | D:3      | Reached XP level 5. HP: 18/46 MP: 4/4
  1689 | D:3      | Reached XP level 6. HP: 52/52 MP: 5/5
  1723 | D:3      | Reached skill level 8 in Axes
  1851 | D:3      | Found an opulent altar of Gozag.
  1861 | D:3      | Found a sparkling altar of Nemelex Xobeh.
  1873 | D:3      | Noticed Ijyb
  1884 | D:3      | Slain by Ijyb

Illustrated notes

Levels and vault maps discovered:
D:1:      psy_arrival_radial01, layout_rooms
D:2:      layout_basic, basic_altar
D:3:      layout_rooms, nemelex_xobeh_ov_fountains_minmay, lemuel_tele_altar,
          patterned_corridor, uniq_grinder, uniq_natasha, uniq_ijyb

Skill      XL: |  1  2  3  4  5  6 |
---------------+-------------------+-----
Axes           | 3 4 5 7 8 |  8.1
Fighting       | |  3.7
Armour         | |  3.7
Shields        | |  3.7

Action                     |  1- 3 |  4- 6 || total
---------------------------+-------+-------++-------
  Melee: War axe           |    84 |    27 ||   111
         Headbutt          |     6 |     6 ||    12
         Broad axe         |       |    15 ||    15
 Armour: Scale mail        |    33 |    14 ||    47
  Dodge: Dodged            |    24 |     7 ||    31
  Block: Buckler           |    29 |    16 ||    45
         Reflection        |       |     1 ||     1

Table legend: (Time is in decaauts)
 A = Elapsed time spent in this place.
 B = Non-inter-level travel time spent in this place.
 C = Inter-level travel time spent in this place.
 D = Time resting spent in this place.
 E = Time spent auto-exploring this place.
 F = Levels seen in this place.
 G = Mean time per level.
                   A        B        C        D        E       F      G
               +--------+--------+--------+--------+--------+-----+--------+
         Total |   1921 |   1838 |     83 |    104 |   1098 |   3 |  640.3 |
       Dungeon |   1921 |   1838 |     83 |    104 |   1098 |   3 |  640.3 |
               +--------+--------+--------+--------+--------+-----+--------+

Top non-repeatable levels by time:
     D:2: 754 daAuts
     D:1: 698 daAuts
     D:3: 468 daAuts
